 Dungeon Crawl Stone Soup version 0.23-a0-831-g5da158a (webtiles) character file.

469 Deaus the Chopper (level 6, -10/48 HPs)
             Began as a Demonspawn Fighter on Jan 23, 2019.
             Mangled by Menkaure (14 damage)
             ... on level 4 of the Dungeon.
             The game lasted 00:11:39 (3694 turns).

Deaus the Chopper (Demonspawn Fighter)              Turns: 3694, Time: 00:11:39

Health: -10/48     AC:  7    Str: 17    XL:     6   Next: 82%
Magic:  6/6        EV: 10    Int: 10    God:
Gold:   247        SH:  9    Dex: 13    Spells: 5/5 levels left

rFire    . . .     SeeInvis +   e - +2 hand axe (chop)
rCold    . . .     Gourm    .   c - +0 shield
rNeg     . . .     Faith    .   i - +1 troll leather armour
rPois    .         Spirit   .   (helmet unavailable)
rElec    .         Reflect  .   (no cloak)
rCorr    .         Harm     .   (no gloves)
MR       .....                  (no boots)
Stlth    +.........             (no amulet)
HPRegen  0.56/turn              (no ring)
MPRegen  0.10/turn              (no ring)

@: no status effects
A: antennae 3, icy blue scales 1, powered by pain 1
a: no special abilities


You were on level 4 of the Dungeon.
You were not hungry.

You visited 1 branch of the dungeon, and saw 4 of its levels.

You collected 247 gold pieces.

Inventory:

Hand Weapons
 e - a +2 hand axe of chopping (weapon)
Armour
 b - a +0 scale mail
 c - a +0 shield (worn)
 i - a +1 troll leather armour (worn)
Jewellery
 g - a cursed ring of teleportation {unknown}
 p - an uncursed amulet of rage {unknown}
Scrolls
 k - a scroll of teleportation {unknown}
 l - a scroll of magic mapping
 m - 2 scrolls of immolation {unknown}
 r - a scroll of enchant armour
 s - 4 scrolls of identify {unknown}
 u - a scroll of remove curse {unknown}
Potions
 a - 2 potions of haste
 d - a potion of might
 h - a potion of mutation {unknown}
 j - 2 potions of cancellation {unknown}
 n - a potion of lignification {unknown}
 q - a potion of flight {unknown}
 t - a potion of curing
Comestibles
 f - 9 rations
 o - 2 chunks of flesh


   Skills:
 + Level 3.9 Fighting
 * Level 5.1 Axes
 + Level 3.2 Armour
 * Level 1.9 Dodging
 + Level 3.5 Shields


You had 5 spell levels left.
You didn't know any spells.
Your spell library was empty.

Dungeon Overview and Level Annotations

Branches:
Dungeon (4/15)
 Temple: D:4-7

Altars:
Fedhas
Gozag
Qazlal
Xom
The Shining One

Annotations:
D:2 exclusion: oklob plant
D:4 Menkaure


Innate Abilities, Weirdness & Mutations

You have a pair of large antennae on your head. (SInv)
You are partially covered in icy blue scales. (AC +2)
You sometimes gain a little power by taking damage.


Message History

Menkaure gestures wildly while chanting.
Menkaure seems to speed up.
Menkaure calls on the powers of darkness!
Your body is wracked with pain!
You closely miss Menkaure. Menkaure hits you! Menkaure closely misses you.
You are too injured to fight recklessly!
You are too injured to fight recklessly!
You hit Menkaure.
Menkaure is lightly damaged.
You block Menkaure's attack.
You hit Menkaure.
Menkaure is heavily damaged.
Menkaure points at you and mumbles some strange words.
Pain shoots through your body!
* * * LOW HITPOINT WARNING * * *
You block Menkaure's attack.
You hit Menkaure.
Menkaure is severely damaged.
Menkaure hits you!
You die...

#.# #.# ###.#
#...# ###.#
..... #.#
..... #.#
..M... #.#
...... #@#
......######M#
......M......#
.............#
.............#
.............#
####.........#
#.........#
#..)......#


You could see Menkaure.

Vanquished Creatures
  Eustachio (D:4)
  Edmund (D:1)
  2 orc priests (D:3)
  Robin (D:3)
  2 adders
  3 river rats (D:3)
  2 oozes (D:1)
  3 worms
  2 dart slugs (D:1)
  3 leopard geckos
  9 orcs
  4 bats
  3 giant cockroaches
  15 goblins
  5 hobgoblins
  3 jackals (D:1)
  2 quokkas (D:3)
  2 ball pythons
  A frilled lizard (D:1)
  3 kobolds
  7 rats
74 creatures vanquished.

Notes
Turn   | Place    | Note
-------+----------+-------------------------------------------
     0 | D:1      | Deaus the Demonspawn Fighter began the quest for the Orb.
     0 | D:1      | Reached XP level 1. HP: 18/18 MP: 1/1
    77 | D:1      | Gained mutation: You have a pair of small antennae on your
                  | head. [demonic ancestry]
    77 | D:1      | Reached XP level 2. HP: 24/24 MP: 2/2
    90 | D:1      | Reached skill level 2 in Axes
   587 | D:1      | Gained mutation: You sometimes gain a little power by
                  | taking damage. [demonic ancestry]
   587 | D:1      | Reached XP level 3. HP: 29/29 MP: 3/3
  1511 | D:2      | Found a blossoming altar of Fedhas.
  1521 | D:2      | Noticed an oklob plant
  1856 | D:3      | Noticed an ogre
  1942 | D:3      | Found a glowing golden altar of the Shining One.
  1943 | D:3      | Gained mutation: You have a pair of antennae on your head.
                  | [demonic ancestry]
  1943 | D:3      | Reached XP level 4. HP: 35/35 MP: 4/4
  1971 | D:3      | Noticed Robin
  2001 | D:3      | Killed Robin
  2003 | D:3      | Reached skill level 3 in Axes
  2036 | D:3      | Found a shimmering altar of Xom.
  2037 | D:3      | Found an opulent altar of Gozag.
  2136 | D:3      | Found a glowing drain.
  2323 | D:4      | Noticed Eustachio
  2431 | D:4      | Noticed Edmund
  2439 | D:4      | Killed Eustachio
  2439 | D:4      | Reached skill level 4 in Axes
  2439 | D:4      | Reached skill level 1 in Dodging
  2439 | D:4      | Gained mutation: You have a pair of large antennae on your
                  | head. (SInv) [demonic ancestry]
  2439 | D:4      | Reached XP level 5. HP: 27/42 MP: 5/5
  2638 | D:1      | Killed Edmund
  2638 | D:1      | Gained mutation: You are partially covered in icy blue
                  | scales. (AC +2) [demonic ancestry]
  2638 | D:1      | Reached XP level 6. HP: 44/48 MP: 6/6
  3001 | D:3      | Found a stormy altar of Qazlal.
  3184 | D:3      | Reached skill level 5 in Axes
  3679 | D:4      | Noticed Menkaure
  3694 | D:4      | Mangled by Menkaure

Vault maps used:
D:1:      erik_arrival_gehennom, moated_statue, grunt_decor_arrowhead
D:2:      tgw_fedhas
D:3:      tso_metal_star, lemuel_coloured_pillars_altar,
          gammafunk_temple_overflow_pools, portal_sewer_entry_b, first_ration,
          minmay_misc_feat_secret_circle, minmay_misc_feat_iff,
          minmay_misc_feat_pillars, uniq_robin
D:4:      uniq_menkaure, uniq_edmund, uniq_crazy_yiuf_cottage, uniq_eustachio

Skill      XL: |  1  2  3  4  5  6 |
---------------+-------------------+-----
Axes           | 2 4 5 |  5.1
Armour         | 3 |  3.2
Shields        | 3 |  3.5
Dodging        | 1 |  1.9
Fighting       | |  3.9

Action                   |  1- 3 |  4- 6 || total
-------------------------+-------+-------++-------
Melee: War axe           |     8 |       ||     8
       Hand axe          |    99 |   143 ||   242
  Use: Scroll            |     2 |       ||     2
  Eat: Chunk             |     3 |     3 ||     6
       Ration            |       |     1 ||     1
Armor: Scale mail        |    11 |       ||    11
       Troll leather arm |    21 |    38 ||    59
Dodge: Dodged            |    33 |    39 ||    72
Block: Shield            |    45 |    60 ||   105

Table legend:
 A = Non-vault XP
 B = Vault XP
 C = Vault XP percentage of total XP
 D = Non-vault monster count
 E = Vault monster count
 F = Vault count percentage of total count
                 A         B        C        D         E       F
            +---------+---------+-------+---------+---------+-------
      Total |     211 |     459 |  68.5 |      49 |      25 |  33.8
            +---------+---------+-------+---------+---------+-------
        D:1 |      35 |     184 |  84.0 |      20 |       6 |  23.1
        D:2 |      30 |       2 |   6.2 |       8 |       1 |  11.1
        D:3 |     136 |      82 |  37.6 |      18 |      17 |  48.6
        D:4 |      10 |     191 |  95.0 |       3 |       1 |  25.0
            +---------+---------+-------+---------+---------+-------
